General information
- name: BNet
- type: Ladder team game (AT/RT)
- host: Battle.net
- saver: Blahsmack
map: SunrockCove
- players: 6
- length: 04:08
- speed: Fast
- version: 1.21 W3XP
- replay type: Public
» download(17 KB)
Players
team 1 (loser)

»
Mew2908 (
teal | 58 APM | 117 actions | 02:01)
» actions
| Build / train | 3 | |
| Enter build submenu | 3 | |
| Right click | 22 | |
| Select / deselect | 85 | |
| Use ability | 4 | |
117 total
» units
» buildings
| Altar of Darkness | 2 | |
| Ziggurat | 1 | |
3 total
» build order
00:10 Altar of Darkness
00:15 Ziggurat
01:04 Altar of Darkness
killer2326 (
yellow | 29 APM | 120 actions | 04:06)
1 Mountain King
1 Storm Bolt
1 Dreadlord
1 Vampiric Aura
» actions
| Build / train | 13 | |
| Enter build submenu | 6 | |
| Enter hero's abilities submenu | 3 | |
| Right click | 36 | |
| Select / deselect | 54 | |
| Use ability | 8 | |
120 total
» units
» buildings
| Altar of Kings | 1 | |
| Barracks | 1 | |
| Scout Tower | 1 | |
| Farm | 3 | |
| Lumber Mill | 1 | |
| Arcane Tower | 1 | |
8 total
» build order
00:05 Altar of Kings
00:07 Barracks
01:09 Scout Tower
01:17 Farm
01:18 Farm
01:19 Farm
01:27 Lumber Mill
02:04 Arcane Tower
whokno (
red | 19 APM | 67 actions | 03:33)
1 Shadow Hunter
1 Healing Wave
» actions
| Basic commands | 1 | |
| Build / train | 9 | |
| Enter build submenu | 5 | |
| Enter hero's abilities submenu | 1 | |
| Right click | 21 | |
| Select / deselect | 26 | |
| Use ability | 4 | |
67 total
» units
» buildings
| Altar of Storms | 1 | |
| Orc Burrow | 2 | |
| Barracks | 1 | |
| Nerubian Tower | 1 | |
5 total
» build order
00:18 Altar of Storms
00:29 Orc Burrow
01:18 Barracks
01:47 Orc Burrow
02:09 Nerubian Tower
team 2 (winner)
tala (
blue | 47 APM | 195 actions | 04:06)
» actions
| Assign group hotkey | 1 | |
| Build / train | 13 | |
| Enter build submenu | 9 | |
| Right click | 78 | |
| Select / deselect | 66 | |
| Select group hotkey | 21 | |
| Use ability | 7 | |
195 total
» units
» upgrades
» buildings
| Lumber Mill | 1 | |
| Scout Tower | 3 | |
| Guard Tower | 3 | |
| Farm | 2 | |
| Keep | 2 | |
11 total
» build order
00:08 Lumber Mill
02:01 Scout Tower
02:14 Scout Tower
02:19 Guard Tower
02:27 Scout Tower
02:45 Guard Tower
02:49 Farm
03:09 Guard Tower
03:14 Keep
03:14 Keep
03:24 Farm

»
jintlo (
purple | 43 APM | 175 actions | 04:06)
1 Blood Mage
1 Flame Strike
» actions
| Build / train | 9 | |
| Enter build submenu | 6 | |
| Enter hero's abilities submenu | 1 | |
| Right click | 95 | |
| Select / deselect | 57 | |
| Use ability | 7 | |
175 total
» units
» buildings
| Altar of Kings | 1 | |
| Barracks | 1 | |
| Farm | 2 | |
| Lumber Mill | 1 | |
5 total
» build order
00:11 Altar of Kings
00:20 Barracks
00:23 Farm
02:16 Farm
02:22 Lumber Mill
Blahsmack (
green | 33 APM | 136 actions | 04:08)
» actions
| Basic commands | 4 | |
| Build / train | 15 | |
| Enter build submenu | 10 | |
| Right click | 37 | |
| Select / deselect | 58 | |
| Use ability | 12 | |
136 total
» units
» upgrades
» buildings
| Scout Tower | 8 | |
| Lumber Mill | 2 | |
| Arcane Tower | 2 | |
| Guard Tower | 4 | |
16 total
» build order
00:56 Scout Tower
01:02 Scout Tower
01:09 Scout Tower
01:19 Lumber Mill
01:26 Arcane Tower
01:29 Lumber Mill
01:42 Arcane Tower
02:27 Scout Tower
02:35 Scout Tower
02:50 Scout Tower
02:58 Guard Tower
03:08 Guard Tower
03:32 Scout Tower
03:35 Guard Tower
03:46 Scout Tower
04:02 Guard Tower
Chat log
(00:12 / Allies) tala: wa
(00:12 / Allies) tala: ?
(00:17 / Allies) Blahsmack: rush
(00:23 / Allies) tala: ahaha
(00:32 / Allies) tala: nice 1 lol
(00:34 / Allies) jintlo: u shuda left 1 to build
(00:45 / Allies) tala: yah
(00:53 / Allies) tala: build
(01:04 / Allies) Blahsmack: i gotta get lumber mill
(01:30 / Allies) jintlo: knights preits
(01:32 / Allies) tala: lumbreer mill
(01:58 / Allies) jintlo: do u do this every game
(02:01 / Allies) tala: yupz
(02:57 / Allies) tala: kill it
(03:40 / All) killer2326: holy shit...
(03:43 / All) tala: GG
(03:51 / All) jintlo: bad luck
(04:00 / All) killer2326: u won...
(04:02 / All) killer2326: bye
(04:05 / All) tala: NAH